TOP OF THE 1ST |
Montgomery Grey Sox batting - Pitching for Scottsdale Scorpions : RHP Manny Silva
|
Pitching: RHP Manny Silva
|
|
Batting: RHB José Montoya
|
0-0: Swinging Strike 0-1: Ball 1-1: Called Strike 1-2: Ball 2-2: Ball 3-2: Foul Ball, location: 2F 3-2: Base on Balls
|
Batting: RHB Dean Bailey
|
0-0: Ball 1-0: Reached on error, E5 (Groundball, 5S) José Montoya to third
|
Batting: SHB Joe Pierce
|
0-0: Ball 1-0: Called Strike 1-1: Ball 2-1: Foul Ball, location: 2F 2-2: Ball 3-2: Strikes out looking
|
Batting: SHB Marvin López
|
0-0: Ball 1-0: Ball 2-0: Swinging Strike 2-1: Foul Ball, location: 2F 2-2: Ground out U3 (Groundball, 3S)
|
Batting: RHB José Carlos Caraballo
|
0-0: Called Strike 0-1: Ball 1-1: Ball 2-1: Ball 3-1: Called Strike 3-2: Foul Ball, location: 2F 3-2: Strikes out swinging
|
Top of the 1st over - 0 run(s), 0 hit(s), 1 error(s), 2 left on base; Montgomery 0 - Scottsdale 0 |
BOTTOM OF THE 1ST |
Scottsdale Scorpions batting - Pitching for Montgomery Grey Sox : LHP Marcos Bautista
|
Pitching: LHP Marcos Bautista
|
|
Batting: RHB Ricardo Gutiérrez
|
0-0: Foul Ball, location: 2F 0-1: Ball 1-1: SINGLE (Flyball, 9LS)
|
Batting: RHB David Suarze
|
0-0: Swinging Strike 0-1: Fielders Choice at 2nd, 5-4 (Groundball, 56)
|
Batting: LHB Claudio Rodríguez
|
0-0: Ball 1-0: Ball 2-0: Grounds into double play, 4-6-3 (Groundball, 4)
|
Bottom of the 1st over - 0 run(s), 1 hit(s), 0 error(s), 0 left on base; Montgomery 0 - Scottsdale 0 |
TOP OF THE 2ND |
Montgomery Grey Sox batting - Pitching for Scottsdale Scorpions : RHP Manny Silva
|
Batting: RHB Bob Johnson
|
0-0: Foul Ball, location: 2F 0-1: Ball 1-1: Ground out 4-3 (Groundball, 4)
|
Batting: RHB Bryant von Bohlen
|
0-0: Ball 1-0: Ball 2-0: Ball 3-0: Called Strike 3-1: Ground out 4-3 (Groundball, 4)
|
Batting: LHB Alberto Santos
|
0-0: Foul Ball, location: 2F 0-1: Foul Ball, location: 2F 0-2: Strikes out looking
|
Top of the 2nd over - 0 run(s), 0 hit(s), 0 error(s), 0 left on base; Montgomery 0 - Scottsdale 0 |
BOTTOM OF THE 2ND |
Scottsdale Scorpions batting - Pitching for Montgomery Grey Sox : LHP Marcos Bautista
|
Batting: RHB Gary Thomas
|
0-0: SINGLE (Groundball, 6MD)
|
Batting: RHB Edgardo Gonzáles
|
0-0: Ball 1-0: Foul Ball, location: 2F 1-1: Swinging Strike 1-2: SINGLE (Groundball, 4MD) Gary Thomas to second
|
Batting: RHB Sergio Domínguez
|
0-0: Called Strike 0-1: Ball 1-1: Ball 2-1: Called Strike 2-2: Grounds into double play, 6-4-3 (Groundball, 6M) Gary Thomas to third
|
Batting: LHB José Garza
|
0-0: Called Strike 0-1: Fly out, F6 (Line Drive, 6D)
|
Bottom of the 2nd over - 0 run(s), 2 hit(s), 0 error(s), 1 left on base; Montgomery 0 - Scottsdale 0 |
TOP OF THE 3RD |
Montgomery Grey Sox batting - Pitching for Scottsdale Scorpions : RHP Manny Silva
|
Batting: RHB Félix Cruz
|
0-0: Ball 1-0: Ball 2-0: Ball 3-0: Base on Balls
|
Batting: RHB José Montoya
|
0-0: Ball 1-0: Ball 2-0: Called Strike 2-1: Foul Ball, location: 2F 2-2: Strikes out swinging
|
Batting: RHB Dean Bailey
|
0-0: Called Strike 0-1: Foul Ball, location: 2F 0-2: Foul Ball, location: 2F 0-2: Strikes out swinging
|
Batting: SHB Joe Pierce
|
0-0: Called Strike 0-1: Foul Ball, location: 2F 0-2: Fly out, F7 (Line Drive, 7M)
|
Top of the 3rd over - 0 run(s), 0 hit(s), 0 error(s), 1 left on base; Montgomery 0 - Scottsdale 0 |
BOTTOM OF THE 3RD |
Scottsdale Scorpions batting - Pitching for Montgomery Grey Sox : LHP Marcos Bautista
|
Batting: RHB Felipe Domínguez
|
0-0: Ball 1-0: Ground out 5-3 (Groundball, 56)
|
Batting: LHB Alberto Roberts
|
0-0: Ball 1-0: Foul Ball, location: 2F 1-1: Foul Ball, location: 2F 1-2: Ball 2-2: Foul Ball, location: 2F 2-2: Ground out 3-1 (Groundball, 34)
|
Batting: RHB Ricardo Gutiérrez
|
0-0: Ball 1-0: Ball 2-0: Ball 3-0: Called Strike 3-1: Foul Ball, location: 2F 3-2: Foul Ball, location: 2F 3-2: Foul Ball, location: 2F 3-2: Foul Ball, location: 2F 3-2: SINGLE (Groundball, 56)
|
Batting: RHB David Suarze
|
0-0: Called Strike 0-1: Called Strike 0-2: Ball 1-2: Ball 2-2: Ball 3-2: Ground out 1-3 (Groundball, 15)
|
Bottom of the 3rd over - 0 run(s), 1 hit(s), 0 error(s), 1 left on base; Montgomery 0 - Scottsdale 0 |
TOP OF THE 4TH |
Montgomery Grey Sox batting - Pitching for Scottsdale Scorpions : RHP Manny Silva
|
Batting: SHB Marvin López
|
0-0: Foul Ball, location: 2F 0-1: Ball 1-1: Ball 2-1: SINGLE (Line Drive, 8RS)
|
Batting: RHB José Carlos Caraballo
|
0-0: Foul Ball, location: 2F 0-1: Foul Ball, location: 2F 0-2: Foul Ball, location: 2F 0-2: Foul Ball, location: 2F 0-2: Strikes out swinging
|
Batting: RHB Bob Johnson
|
0-0: Called Strike 0-1: SINGLE (Flyball, 9LM) Marvin López to second
|
Batting: RHB Bryant von Bohlen
|
0-0: Ball 1-0: Foul Ball, location: 2F 1-1: Called Strike 1-2: Ball 2-2: Foul Ball, location: 2F 2-2: SINGLE (Flyball, 7LS) Marvin López to third Bob Johnson to second
|
Batting: LHB Alberto Santos
|
0-0: Called Strike 0-1: Ball 1-1: Ball 2-1: Grounds into double play, 4-6-3 (Groundball, 4)
|
Top of the 4th over - 0 run(s), 3 hit(s), 0 error(s), 2 left on base; Montgomery 0 - Scottsdale 0 |
BOTTOM OF THE 4TH |
Scottsdale Scorpions batting - Pitching for Montgomery Grey Sox : LHP Marcos Bautista
|
Batting: LHB Claudio Rodríguez
|
0-0: Ball 1-0: Called Strike 1-1: SINGLE (Groundball, 34D)
|
Batting: RHB Gary Thomas
|
0-0: Called Strike 0-1: Ball 1-1: Swinging Strike 1-2: Foul Ball, location: 2F 1-2: Ball 2-2: Ball 3-2: Grounds into double play, 1-6-3 (Groundball, 13S)
|
Batting: RHB Edgardo Gonzáles
|
0-0: Foul Ball, location: 2F 0-1: Foul Ball, location: 2F 0-2: Ball 1-2: Strikes out swinging
|
Bottom of the 4th over - 0 run(s), 1 hit(s), 0 error(s), 0 left on base; Montgomery 0 - Scottsdale 0 |
TOP OF THE 5TH |
Montgomery Grey Sox batting - Pitching for Scottsdale Scorpions : RHP Manny Silva
|
Batting: RHB Félix Cruz
|
0-0: Fly out, F7 (Flyball, 7LM)
|
Batting: RHB José Montoya
|
0-0: Ball 1-0: Ball 2-0: Foul Ball, location: 2F 2-1: Hit by Pitch
|
Batting: RHB Dean Bailey
|
0-0: Ball 1-0: Grounds into double play, 6-4-3 (Groundball, 56)
|
Top of the 5th over - 0 run(s), 0 hit(s), 0 error(s), 0 left on base; Montgomery 0 - Scottsdale 0 |
BOTTOM OF THE 5TH |
Scottsdale Scorpions batting - Pitching for Montgomery Grey Sox : LHP Marcos Bautista
|
Batting: RHB Sergio Domínguez
|
0-0: Ball 1-0: SOLO HOME RUN (Flyball, 8LXD), Distance : 392 ft
|
Batting: LHB José Garza
|
0-0: Swinging Strike 0-1: Swinging Strike 0-2: Foul Ball, location: 2F 0-2: Ground out 5-3 (Groundball, 5L)
|
Batting: RHB Felipe Domínguez
|
0-0: Ball 1-0: Ball 2-0: Called Strike 2-1: Ball 3-1: DOUBLE (Flyball, 78D)
|
Batting: LHB Alberto Roberts
|
0-0: Swinging Strike 0-1: Ball 1-1: Called Strike 1-2: Foul Ball, location: 2F 1-2: Fly out, F5 (Popup, 5F)
|
Batting: RHB Ricardo Gutiérrez
|
0-0: Swinging Strike 0-1: Ground out 6-3 (Groundball, 6M)
|
Bottom of the 5th over - 1 run(s), 2 hit(s), 0 error(s), 1 left on base; Montgomery 0 - Scottsdale 1 |
TOP OF THE 6TH |
Montgomery Grey Sox batting - Pitching for Scottsdale Scorpions : RHP Manny Silva
|
Batting: SHB Joe Pierce
|
0-0: Called Strike 0-1: Ball 1-1: Swinging Strike 1-2: Foul Ball, location: 2F 1-2: Ball 2-2: Strikes out swinging
|
Pitching: RHP Billy O'Neal
|
|
Batting: SHB Marvin López
|
0-0: Called Strike 0-1: Foul Ball, location: 2F 0-2: Ball 1-2: Strikes out swinging
|
Batting: RHB José Carlos Caraballo
|
0-0: Called Strike 0-1: Ball 1-1: Foul Ball, location: 2F 1-2: Strikes out looking
|
Top of the 6th over - 0 run(s), 0 hit(s), 0 error(s), 0 left on base; Montgomery 0 - Scottsdale 1 |
BOTTOM OF THE 6TH |
Scottsdale Scorpions batting - Pitching for Montgomery Grey Sox : LHP Marcos Bautista
|
Batting: RHB David Suarze
|
0-0: Foul Ball, location: 2F 0-1: Ball 1-1: Swinging Strike 1-2: Strikes out looking
|
Batting: LHB Claudio Rodríguez
|
0-0: Ball 1-0: Ball 2-0: Swinging Strike 2-1: Ground out 4-3 (Groundball, 4M)
|
Batting: RHB Gary Thomas
|
0-0: Ball 1-0: Called Strike 1-1: Swinging Strike 1-2: Ball 2-2: Ball 3-2: Foul Ball, location: 2F 3-2: Foul Ball, location: 2F 3-2: Base on Balls
|
Pitching: RHP Calvin Snyder
|
|
Batting: RHB Edgardo Gonzáles
|
0-0: Fielders Choice at 2nd, 6-4 (Groundball, 6MS)
|
Bottom of the 6th over - 0 run(s), 0 hit(s), 0 error(s), 0 left on base; Montgomery 0 - Scottsdale 1 |
TOP OF THE 7TH |
Montgomery Grey Sox batting - Pitching for Scottsdale Scorpions : RHP Billy O'Neal
|
Batting: RHB Bob Johnson
|
0-0: Called Strike 0-1: SINGLE (Groundball, 56)
|
Batting: RHB Bryant von Bohlen
|
0-0: Fly out, F8 (Flyball, 8RXD) Runner from 1st tags up, SAFE at 2nd
|
Batting: LHB Alberto Santos
|
0-0: Ball 1-0: Fly out, F7 (Flyball, 7LS)
|
Pinch Hitting: LHB Bob Jones
|
0-0: Ball 1-0: Foul Ball, location: 2F 1-1: Foul Ball, location: 2F 1-2: Hit by Pitch
|
Batting: RHB José Montoya
|
0-0: Ball 1-0: Ball 2-0: Ball 3-0: Called Strike 3-1: Base on Balls Bob Johnson to third Bob Jones to second
|
Batting: RHB Dean Bailey
|
0-0: Called Strike 0-1: Ball 1-1: Foul Ball, location: 2F 1-2: Ball 2-2: Foul Ball, location: 2F 2-2: Ball 3-2: Strikes out swinging
|
Top of the 7th over - 0 run(s), 1 hit(s), 0 error(s), 3 left on base; Montgomery 0 - Scottsdale 1 |
BOTTOM OF THE 7TH |
Scottsdale Scorpions batting - Pitching for Montgomery Grey Sox : RHP Calvin Snyder
|
Now at SS: António Nevárez
|
|
Batting: RHB Sergio Domínguez
|
0-0: Foul Ball, location: 2F 0-1: Ball 1-1: SINGLE (Line Drive, 6MD)
|
Pitching: LHP Lee González
|
|
Batting: LHB José Garza
|
0-0: Sac Bunt - play at first, batter OUT! 1-4 Sergio Domínguez to second
|
Pinch Hitting: RHB Steve Baird
|
0-0: Intentional Walk
|
Pitching: LHP Wilson Romero
|
|
Batting: LHB Alberto Roberts
|
0-0: Ball 1-0: Ball 2-0: Called Strike 2-1: Swinging Strike 2-2: Strikes out looking
|
Pinch Hitting: SHB Juan Gonzáles
|
0-0: SINGLE (Groundball, 13S) (infield hit) Sergio Domínguez to third Steve Baird to second
|
Batting: RHB David Suarze
|
0-0: Foul Ball, location: 2F 0-1: Ball 1-1: Ball 2-1: Swinging Strike 2-2: Fly out, F3 (Popup, 3SF)
|
Bottom of the 7th over - 0 run(s), 2 hit(s), 0 error(s), 3 left on base; Montgomery 0 - Scottsdale 1 |
TOP OF THE 8TH |
Montgomery Grey Sox batting - Pitching for Scottsdale Scorpions : RHP Billy O'Neal
|
Pitching: RHP Tom Hudson
|
|
Now at 3B: Juan Gonzáles
|
|
Now at SS: Steve Baird
|
|
Batting: SHB Joe Pierce
|
0-0: Called Strike 0-1: Ball 1-1: Called Strike 1-2: Strikes out swinging
|
Batting: SHB Marvin López
|
0-0: Called Strike 0-1: Swinging Strike 0-2: Ball 1-2: Ball 2-2: Ball 3-2: Ground out 4-3 (Groundball, 4)
|
Batting: RHB José Carlos Caraballo
|
0-0: Fly out, F8 (Flyball, 8RS)
|
Top of the 8th over - 0 run(s), 0 hit(s), 0 error(s), 0 left on base; Montgomery 0 - Scottsdale 1 |
BOTTOM OF THE 8TH |
Scottsdale Scorpions batting - Pitching for Montgomery Grey Sox : LHP Wilson Romero
|
Batting: LHB Claudio Rodríguez
|
0-0: Ball 1-0: Ball 2-0: Ball 3-0: Base on Balls
|
Batting: RHB Gary Thomas
|
0-0: Ball 1-0: Ball 2-0: Called Strike 2-1: Grounds into double play, U6-3 (Groundball, 6M)
|
Batting: RHB Edgardo Gonzáles
|
0-0: Called Strike 0-1: Ball 1-1: Ball 2-1: Called Strike 2-2: Foul Ball, location: 2F 2-2: Ground out 6-3 (Groundball, 6)
|
Bottom of the 8th over - 0 run(s), 0 hit(s), 0 error(s), 0 left on base; Montgomery 0 - Scottsdale 1 |
TOP OF THE 9TH |
Montgomery Grey Sox batting - Pitching for Scottsdale Scorpions : RHP Tom Hudson
|
Pitching: RHP Martin Miller
|
|
Now at C: Cristián Román
|
|
Batting: RHB Bob Johnson
|
0-0: Swinging Strike 0-1: Swinging Strike 0-2: Ball 1-2: Strikes out swinging
|
Batting: RHB Bryant von Bohlen
|
0-0: Ball 1-0: Called Strike 1-1: Ball 2-1: Fly out, F8 (Flyball, 8LXD)
|
Batting: LHB Alberto Santos
|
0-0: Called Strike 0-1: Called Strike 0-2: Ball 1-2: Hit by Pitch
|
Pinch Hitting: RHB Dave Roberts
|
0-0: Swinging Strike 0-1: Ball 1-1: SINGLE (Groundball, 6MD) (infield hit) Alberto Santos to second
|
Batting: RHB José Montoya
|
0-0: Called Strike 0-1: Swinging Strike 0-2: Fly out, F8 (Line Drive, 8LM)
|
Top of the 9th over - 0 run(s), 1 hit(s), 0 error(s), 2 left on base; Montgomery 0 - Scottsdale 1 |
|